AoeStats
← 888HJ

Arabia

510484891Analyzed
1v1 RM · 1d ago on Oct 1, 2026· 54m 34s· 2 players
Game mode
Random Map
Map size
Tiny (2 player)
Population
200
Speed
Normal
Resources
Standard
Victory
Conquest
Starting age
Dark Age
Ending age
Imperial Age
RankedLock teamsTeams togetherTeam positionsShared explorationLock speedFull tech treeHidden civsTurbo modeCheats
Victory
Defeat
🇦🇺 Magyars · Australia
878
+14
🇦🇷 Franks · Argentina
841
-14
Lưu Bị.FC
7:56 Loom
10:31 Feudal Age
21:29 Castle Age
19:43 Double-Bit Axe
21:14 Gold Mining
22:19 Scale Barding Armor
25:31 Husbandry
27:19 Wheelbarrow
28:01 Fletching
28:07 Elite Skirmisher
28:53 Padded Archer Armor
30:32 Bow Saw
30:52 Town Watch
30:51 Light Cavalry
32:13 Chain Barding Armor
32:34 Hand Cart
32:06 Town Watch
33:48 Bodkin Arrow
40:30 Imperial Age
38:29 Forging
39:07 Leather Archer Armor
40:16 Stone Mining
41:02 Gold Shaft Mining
40:37 Cavalier
41:54 Plate Barding Armor
42:08 Light Cavalry
44:31 Conscription
43:57 Paladin
46:39 Iron Casting
47:40 Chemistry
46:23 Capped Ram
48:43 Town Patrol
888HJ
7:13 Loom
10:04 Feudal Age
10:43 Double-Bit Axe
11:02 Town Watch
13:24 Scale Barding Armor
16:04 Horse Collar
21:49 Castle Age
20:52 Bloodlines
20:36 Fletching
20:52 Padded Archer Armor
22:50 Bow Saw
23:02 Heavy Plow
25:10 Wheelbarrow
28:34 Thumb Ring
29:11 Gold Mining
30:42 Sanctity
31:09 Gold Shaft Mining
30:24 Stone Mining
32:28 Husbandry
33:22 Ballistics
37:13 Imperial Age
35:04 Hand Cart
35:26 Chain Barding Armor
35:24 Bodkin Arrow
37:53 Leather Archer Armor
38:34 Plate Barding Armor
37:23 Cavalier
39:41 Two-Man Saw
39:14 Crop Rotation
39:55 Chemistry
40:07 Murder Holes
41:25 Conscription
42:09 Pikeman
42:59 Corvinian Army
43:45 Bracer
44:38 Ring Archer Armor
44:10 Scale Mail Armor
44:53 Light Cavalry
46:25 Siege Engineers
46:42 Paladin
52:34 Hussar
53:36 Chain Mail Armor
54:08 Elite Magyar Huszar
Connection lost

Rejoining the realm…

Still unreachable

The connection could not be restored.

Session expired

The server has moved on; the page needs a fresh start.